 Dungeon Crawl Stone Soup version 0.29-a0-322-g68df515428 (console) character file.

Game seed: 15549003449605237611

1 Ignak the Ruffian (level 1, 19/19 HPs)
             Began as an Ogre Transmuter on Apr 8, 2022.
             Was a Follower of Trog.
             Quit the game on level 1 of the Dungeon.
             The game lasted 00:00:24 (94 turns).

Ignak the Ruffian (Ogre Transmuter)                   Turns: 94, Time: 00:00:24

Health: 19/19      AC:  3    Str: 13    XL:     1   Next: 20%
Magic:  3/3        EV:  9    Int: 14    God:    Trog [*.....]
Gold:   8          SH:  0    Dex:  9    Spells: 3/4 levels left

rFire   . . .      SeeInvis .     - Unarmed
rCold   . . .      Faith    .   (no shield)
rNeg    . . .      Spirit   .   a - +0 robe
rPois   .          Reflect  .   (helmet restricted)
rElec   .          Harm     .   (no cloak)
rCorr   .          Rampage  .   (gloves unavailable)
Will    .....                   (boots unavailable)
Stlth   +.........              (no amulet)
HPRegen 0.06/turn               (no ring)
MPRegen 0.08/turn               (no ring)

@: no status effects
A: large, unfitting armour, tough skin 1
a: Renounce Religion, Berserk


You were on level 1 of the Dungeon.
You worshipped Trog.
Trog was aware of your devotion.
You visited 1 branch of the dungeon, and saw 1 of its levels.

You collected 8 gold pieces.

Inventory:

Armour
 a - a +0 robe (worn)
Potions
 b - a potion of lignification


   Skills:
 + Level 1.4 Fighting
 + Level 1.8 Dodging
 + Level 2.7 Unarmed Combat
 - Level 2.4 Spellcasting
 - Level 1.8 Transmutations


You had 3 spell levels left.
You knew the following spells:

 Your Spells              Type           Power      Damage    Failure   Level
z - Beastly Appendage     Tmut           12%        N/A       11%         1

Your spell library contained the following spells:

 Spells                   Type           Power      Damage    Failure   Level
 Wereblood                Tmut           6%         N/A       17%         2
 Spider Form              Tmut/Pois      4%         N/A       43%         3
 Ice Form                 Ice/Tmut       4%         N/A       83%         4


Dungeon Overview and Level Annotations

Branches:
Dungeon (1/15)

Altars:
Trog


Innate Abilities, Weirdness & Mutations

You are too large for most types of armour.
You have tough skin. (AC +1)


Message History

You barely miss the bat. Your kick misses the bat.
Your headbutt misses the bat.
The bat is severely wounded.
Your transformation is almost over.
The bat closely misses you. The bat hits you but does no damage.
The bat barely misses you.
You see here a +0 dagger.
The bat barely misses you. The bat barely misses you.
The bat hits you but does no damage. The bat hits you but does no damage.
You closely miss the bat. Your kick misses the bat.
Your headbutt misses the bat.
The bat is moderately wounded.
The bat misses you. The bat closely misses you.
You barely miss the bat. Your kick misses the bat.
Your horns disappear.
Your talons disappear.
The bat barely misses you. x2
You hit the bat.
You kill the bat!
No target in view!
You see here a bat corpse.
Found 6 gold pieces.
HP restored.
Found a faded altar of an unknown god.
You now have 6 gold pieces.
You enter the shallow water.
Moving in this stuff is going to be slow.
You now have 7 gold pieces (gained 1).
You now have 8 gold pieces (gained 1).
There is a faded altar of an unknown god here.
You cannot tell which god this altar belongs to.
Convert to them anyway? [Y]es or [N]o only, please.
You cannot tell which god this altar belongs to.
Convert to them anyway?
Trog accepts your prayer! Trog welcomes you!
You can now go berserk at will.
Are you sure you want to abandon this character and quit the game? (Confirm with "yes".)

#..........# #≈
#..........##
#≈
###.###......##
#≈
.............+
#≈
#..###.....##
#≈ #...###...##
#≈ #.........#
#≈ ##.≈≈≈.#.##
#≈ #.≈@≈...# #≈
#.≈≈≈...# #≈
#.....#.# #≈
#.#####.# #≈ #.
#.# #≈ #. . #≈
## ##


There were no monsters in sight!

Vanquished Creatures
  2 bats (D:1)
2 creatures vanquished.

Notes
Turn   | Place    | Note
-------+----------+-------------------------------------------
     0 | D:1      | Ignak the Ogre Transmuter began the quest for the Orb.
     0 | D:1      | Reached XP level 1. HP: 19/19 MP: 3/3
    82 | D:1      | Found a faded altar of an unknown god.
    93 | D:1      | Prayed at the altar of an unknown god.
    93 | D:1      | Became a worshipper of Trog the Wrathful
    93 | D:1      | Reached * piety under Trog
    94 | D:1      | Quit the game

Illustrated notes

Levels and vault maps discovered:
D:1:      zaba_arrival_water, layout_loops_corners,
          hellmonk_ecumenical_altar_pennies_from_heaven, serial_bayou_crossing

Action                   || total
-------------------------++-------
Melee: Unarmed           ||     8
 Cast: Beastly Appendage ||     2
Armor: Robe              ||    11
Dodge: Dodged            ||    20

Table legend: (Time is in decaauts)
 A = Elapsed time spent in this place.
 B = Non-inter-level travel time spent in this place.
 C = Inter-level travel time spent in this place.
 D = Time resting spent in this place.
 E = Time spent auto-exploring this place.
 F = Levels seen in this place.
 G = Mean time per level.
                   A        B        C        D        E       F      G
               +--------+--------+--------+--------+--------+-----+--------+
         Total |    101 |    101 |      0 |      0 |     40 |   1 |  101.0 |
       Dungeon |    101 |    101 |      0 |      0 |     40 |   1 |  101.0 |
               +--------+--------+--------+--------+--------+-----+--------+

Top non-repeatable levels by time:
     D:1: 101 daAuts
